Map: Yellowjacket

Players

phlukefenny

  • Race: Protoss Protoss
  • Spawn Location: 1:00

MEIJI

  • Race: Terran Terran
  • Spawn Location: 3:00

IIIIIIIIII - Winner!

  • Race: Terran Terran
  • Spawn Location: 9:00

FunFiction - Winner!

  • Race: Zerg Zerg
  • League: Platinum
  • Spawn Location: 7:00

VOD

Have the link to the VOD?

Description

Time

  • Played on: May 6, 2026, 10:18 p.m.
  • Length: 15:28
Show
View Real Time Build Order
Export as new Build Order

phlukefenny Protoss 

Build Orders: Oracle Opening 

Get SALT Encoding   

  12  0:12  Pylon  
  12  0:14  Probe  
  13  0:30  Gateway  
  13  0:33  Probe  
  14  0:41  Probe  
  14  0:45  Assimilator  
  14  0:49  Probe  
  15  0:52  Assimilator  
  16  0:58  Probe  
  17  1:06  Probe  
  18  1:15  Probe  
  18  1:21  Cybernetics Core  
  19  1:27  Probe  
  20  1:42  Forge  
  20  1:47  Pylon  
  20  1:48  Probe  
  21  2:00  Probe  
  22  2:02  Stargate  
  22  2:12  Probe  
  23  2:15  Photon Cannon  
  23  2:27  Photon Cannon  
  23  2:35  Pylon  
  23  2:44  Oracle  
  26  2:53  Photon Cannon  
  26  3:04  Photon Cannon  
  26  3:14  Oracle  
  29  3:34  Protoss Air Weapons Level 1  
  29  3:39  Protoss Shields Level 1  
  29  3:51  Pylon  
  33  4:12  Void Ray  
  33  4:16  Photon Cannon  
  33  4:17  Photon Cannon  
  33  4:22  Probe  
  34  4:34  Probe  
  39  4:55  Void Ray  
  43  6:01  Void Ray  
  43  6:03  Stargate  
  43  6:08  Stargate  
  43  6:09  Pylon  
  43  6:10  Pylon  
  43  6:11  Pylon  
  43  6:17  Nexus  
  43  6:19  Assimilator  
  43  6:21  Assimilator  
  43  6:42  Protoss Air Armor Level 1  
  43  6:44  Nexus  
  43  6:50  Probe  
  48  7:08  Void Ray  
  48  7:16  Probe  
  49  7:25  Probe  
  49  7:26  Assimilator  
  49  7:28  Probe  
  51  7:30  Assimilator  
  51  7:34  Probe  
  60  8:31  Void Ray x3  
  72  9:14  Void Ray x3  
  76  9:57  Void Ray  
  76  10:10  Pylon  
  76  10:14  Pylon  
  84  10:34  Void Ray x2  
  88  10:40  Void Ray  
  44  11:49  Void Ray x2  
  44  11:50  Void Ray  
  53  12:32  Void Ray x2  
  53  12:33  Void Ray  
  53  12:51  Zealot  
  53  12:56  Probe  
  56  13:08  Probe  
  61  13:15  Void Ray  
  61  13:18  Zealot  
  63  13:21  Probe  
  72  13:30  Void Ray  
  72  13:31  Void Ray  
  72  13:33  Probe  
  73  13:45  Probe, Zealot  
  80  14:04  Probe  
  80  14:07  Void Ray  
  85  14:12  Zealot  
  85  14:13  Void Ray  
  85  14:16  Probe  
  88  14:40  Zealot  
Show
View Real Time Build Order
Export as new Build Order

MEIJI Terran 

Build Orders: 1/1/1 

Get SALT Encoding   

  12  0:00  SCV  
  13  0:12  SCV  
  14  0:18  Supply Depot  
  14  0:25  SCV  
  15  0:28  Refinery  
  15  0:44  Barracks  
  15  0:46  SCV  
  16  0:52  Refinery  
  16  0:58  SCV  
  17  1:10  SCV  
  18  1:22  SCV  
  19  1:33  Barracks Reactor, Factory  
  19  1:35  SCV  
  20  1:47  Orbital Command  
  20  1:55  Supply Depot  
  20  2:09  Marine x2  
  20  2:13  SCV  
  23  2:21  Starport  
  23  2:23  Factory Tech Lab  
  23  2:29  SCV  
  24  2:32  Marine  
  24  2:34  Marine  
  26  2:41  SCV  
  27  2:45  Siege Tank  
  27  2:51  Supply Depot  
  30  2:57  Starport Reactor  
  30  3:01  Supply Depot  
  30  3:05  SCV  
  31  3:17  Siege Tank  
  31  3:18  SCV  
  35  3:20  Marine x2  
  37  3:33  SCV  
  37  3:34  Medivac x2  
  40  3:40  Engineering Bay  
  42  3:45  Marine x2  
  44  3:51  Supply Depot  
  44  4:00  SCV  
  45  4:15  Marine x2  
  47  4:19  Command Center  
  47  4:27  Missile Turret  
  47  4:31  Viking  
  49  4:45  Marine  
  50  4:46  Marine  
  51  5:03  Marine  
  51  5:04  Marine  
  49  5:18  Viking  
  49  5:19  Viking  
  49  5:20  Marine  
  50  5:21  Siege Tank  
  50  5:22  Marine  
  50  5:27  Supply Depot  
  54  5:33  Orbital Command  
  54  5:38  Marine  
  55  5:47  Missile Turret  
  55  5:51  Viking  
  55  5:52  Viking  
  59  6:00  Orbital Command  
  59  6:03  Marine x2  
  61  6:20  Refinery  
  61  6:24  Starport  
  61  6:25  Viking  
  63  6:40  SCV x2  
  63  6:45  Refinery  
  63  6:47  Marine  
  65  6:52  SCV  
  65  6:53  SCV  
  68  7:04  SCV  
  69  7:11  Armory, SCV  
  70  7:16  Marine x2  
  70  7:17  SCV  
  73  7:23  SCV  
  73  7:24  Starport Reactor  
  73  7:29  SCV  
  75  7:30  Armory  
  75  7:31  Terran Infantry Weapons Level 1  
  75  7:32  Barracks  
  75  7:33  Barracks  
  75  7:35  SCV  
  76  7:41  SCV  
  77  7:47  SCV  
  78  7:58  Supply Depot  
  78  8:01  Supply Depot  
  78  8:08  Supply Depot  
  78  8:20  SCV x2  
  78  8:21  Supply Depot  
  80  8:32  SCV x2  
  82  8:39  Barracks Tech Lab x2  
  82  8:43  Marine x2  
  82  8:44  SCV  
  85  8:51  Viking x4  
  93  9:01  Marine x4  
  97  9:08  Terran Ship Weapons Level 1, Terran Vehicle And Ship Armor Level 1  
  97  9:11  Supply Depot  
  97  9:13  Supply Depot  
  97  9:14  Supply Depot  
  97  9:15  Supply Depot  
  97  9:19  Marine x4  
  97  9:21  Viking x2  
  105  9:32  Viking  
  105  9:33  Viking  
  105  9:36  Marine x2  
  105  9:37  Marine x2  
  113  9:45  Combat Shield  
  113  9:49  Stimpack  
  113  9:50  Viking  
  113  9:51  Viking  
  117  9:54  Marine  
  117  9:57  Terran Infantry Armor Level 1  
  118  10:02  Viking x2  
  118  10:05  Marine x3  
  125  10:12  Marine  
  123  10:33  Marine x2  
  123  10:34  Marine x2  
  127  10:43  Siege Tank  
  130  10:51  Marine x3  
  130  10:52  Marine  
  134  11:09  Marine x4  
  138  11:15  Siege Tank  
  88  11:29  Marine x4  
  82  11:47  Marine x4, Siege Tank  
  82  11:52  Viking x3  
  95  12:04  Marine  
  95  12:05  Marine x3  
  95  12:07  Medivac  
  101  12:19  Siege Tank  
  101  12:22  Medivac, Marine x2  
  106  12:23  Marine x2  
  110  12:40  Marine x3  
  110  12:41  Marine  
  114  12:44  Medivac x3  
  120  12:51  Siege Tank  
  120  12:58  Marine x4  
  127  13:16  Marine x4  
  127  13:17  Starport  
  127  13:18  Starport  
  131  13:34  Marine x4  
  132  13:37  Command Center  
  132  13:41  Missile Turret  
  135  13:42  Missile Turret x2  
  135  13:44  Missile Turret  
  135  13:50  Medivac x2  
  135  13:51  Marine x2  
  135  13:52  Marine x2  
  143  14:09  Marine x3  
  145  14:10  Marine  
  145  14:13  Viking x2, Missile Turret  
  151  14:25  Viking  
  151  14:26  Viking  
  151  14:27  Marine x4  
  159  14:34  Missile Turret  
  159  14:42  Viking  
  159  14:45  Marine x2  
  160  14:54  Marine x2  
  120  15:03  Marine x2  
Show
View Real Time Build Order
Export as new Build Order

IIIIIIIIII Terran - Winner!

Build Orders: 1/1/1 

Get SALT Encoding   

  12  0:03  SCV  
  13  0:15  SCV  
  14  0:21  Supply Depot  
  14  0:27  SCV  
  15  0:30  Refinery  
  15  0:43  SCV  
  15  0:47  Barracks  
  16  0:55  SCV  
  17  1:07  Refinery, SCV  
  18  1:19  SCV  
  19  1:31  SCV  
  20  1:36  Factory  
  20  1:39  Supply Depot  
  20  1:40  Marine  
  20  1:44  SCV  
  22  1:56  SCV  
  22  2:00  Marine  
  24  2:11  Orbital Command  
  24  2:18  Marine  
  24  2:21  Starport  
  25  2:23  Factory Tech Lab  
  25  2:42  Siege Tank  
  28  2:49  Bunker  
  28  2:59  Fusion Core  
  28  3:01  SCV  
  29  3:10  Supply Depot  
  29  3:35  Command Center  
  29  3:52  Battlecruiser  
  35  4:01  Engineering Bay  
  35  4:03  SCV  
  35  4:09  Supply Depot  
  36  4:15  SCV  
  37  4:21  Weapon Refit  
  37  4:24  Refinery  
  37  4:27  SCV  
  38  4:38  Refinery, Missile Turret  
  38  4:45  SCV  
  39  4:52  Missile Turret  
  39  4:57  SCV  
  40  5:26  Orbital Command  
  40  5:28  SCV  
  47  5:35  Battlecruiser  
  47  5:40  SCV  
  48  5:52  SCV  
  49  6:03  Armory  
  50  6:04  SCV  
  50  6:07  Supply Depot  
  50  6:08  Factory Tech Lab  
  50  6:10  SCV  
  51  6:16  SCV  
  52  6:22  SCV  
  53  6:28  SCV  
  54  6:36  SCV  
  61  6:40  Battlecruiser  
  61  6:50  Thor  
  61  6:53  Terran Vehicle And Ship Armor Level 1  
  67  7:02  Command Center  
  67  7:18  Factory  
  67  7:32  SCV x2  
  67  7:33  Thor  
  75  7:43  Supply Depot  
  75  7:47  Supply Depot  
  75  8:01  Battlecruiser  
  81  8:15  Factory Tech Lab  
  81  8:19  Thor  
  87  8:42  Missile Turret  
  87  8:44  Planetary Fortress  
  87  8:45  SCV x2  
  89  8:57  SCV  
  90  9:03  Missile Turret, SCV  
  90  9:04  Thor  
  90  9:05  Thor, Missile Turret  
  90  9:07  Missile Turret  
  104  9:10  SCV  
  104  9:14  Refinery  
  104  9:15  SCV  
  105  9:21  Refinery  
  105  9:22  SCV, Terran Vehicle And Ship Armor Level 2  
  106  9:35  Command Center  
  106  9:50  Thor  
  112  9:59  Supply Depot  
  112  10:02  Supply Depot  
  112  10:07  Thor  
  112  10:09  Battlecruiser  
  124  10:23  Supply Depot  
  118  10:32  Thor  
  118  11:38  Battlecruiser, Terran Vehicle Weapons Level 1  
  118  11:39  Thor x2  
  136  12:13  Planetary Fortress  
  136  12:26  SCV x2  
  138  12:41  Supply Depot  
  138  12:42  Thor  
  144  12:46  Supply Depot  
  144  12:53  Missile Turret  
  144  12:55  Missile Turret, Refinery  
  144  12:56  Missile Turret  
  144  12:58  Refinery  
  144  13:09  Battlecruiser  
  144  13:10  Thor  
  156  13:26  SCV x2  
  158  13:35  Thor  
  164  13:51  Command Center  
  164  13:53  Thor  
  170  14:29  Thor  
Show
View Real Time Build Order
Export as new Build Order

FunFiction Zerg - Winner!

Build Orders: Hatch First, Lurkers 

Get SALT Encoding   

  12  0:00  Drone  
  13  0:12  Overlord  
  13  0:16  Drone  
  14  0:30  Drone x2  
  16  0:52  Drone x2  
  16  0:53  Hatchery  
  17  1:07  Extractor  
  17  1:08  Spawning Pool  
  15  1:11  Drone  
  15  1:15  Drone  
  15  1:18  Drone  
  18  1:34  Drone  
  19  1:43  Drone  
  20  2:05  Hatchery  
  20  2:07  Queen  
  20  2:08  Queen  
  23  2:14  Metabolic Boost  
  23  2:27  Overlord  
  23  2:28  Drone x2  
  25  2:31  Drone  
  25  2:34  Drone  
  27  2:38  Drone  
  28  2:49  Pneumatized Carapace  
  28  2:55  Queen  
  30  2:59  Drone x2  
  30  3:01  Drone  
  30  3:03  Drone  
  34  3:15  Overlord  
  34  3:24  Overlord  
  34  3:33  Drone  
  34  3:34  Drone x7  
  42  3:56  Drone x3  
  42  3:57  Drone x7  
  42  4:01  Extractor  
  42  4:02  Extractor, Overlord  
  50  4:13  Extractor x2  
  50  4:14  Drone x3  
  50  4:15  Drone x3  
  54  4:18  Drone x3  
  57  4:27  Drone x2  
  57  4:29  Drone  
  60  4:31  Drone x2  
  60  4:33  Lair  
  62  4:41  Zergling x12  
  66  4:50  Baneling Nest  
  66  4:51  Zergling x2  
  66  4:52  Overlord x2  
  66  4:53  Overlord, Evolution Chamber  
  66  4:56  Evolution Chamber  
  63  5:12  Zergling x2  
  64  5:24  Zerg Melee Weapons Level 1, Zerg Ground Armor Level 1  
  64  5:27  Hatchery  
  63  5:32  Hatchery  
  63  5:33  Spore Crawler  
  61  5:42  Queen x2  
  65  5:47  Extractor, Spore Crawler  
  63  5:51  Extractor x2  
  61  6:05  Centrifugal Hooks  
  61  6:08  Hatchery, Drone x3  
  63  6:14  Hydralisk Den  
  63  6:18  Infestation Pit  
  61  6:23  Baneling  
  61  6:24  Baneling x4  
  61  6:45  Zergling x2  
  61  6:46  Zergling x10, Hydralisk  
  67  6:47  Hydralisk x6  
  81  6:55  Zergling x14  
  88  7:09  Overseer  
  88  7:17  Hive  
  88  7:18  Overlord x2  
  88  7:19  Overlord x4  
  88  7:22  Hydralisk  
  88  7:23  Hydralisk  
  92  7:34  Extractor  
  91  7:43  Extractor  
  90  7:45  Drone  
  90  7:46  Drone x12  
  103  7:58  Hydralisk  
  103  7:59  Hydralisk x2  
  103  8:01  Lurker Den  
  98  8:29  Baneling  
  98  8:30  Baneling x15  
  95  8:48  Zerg Melee Weapons Level 2  
  95  8:49  Zerg Missile Weapons Level 1  
  95  8:53  Drone  
  95  8:54  Drone x2  
  95  8:55  Drone x3  
  101  8:56  Drone x3  
  101  8:57  Drone x3  
  101  9:00  Drone x3  
  101  9:01  Drone x3  
  113  9:10  Seismic Spines  
  113  9:14  Adrenal Glands  
  113  9:16  Zergling x8  
  113  9:17  Zergling x32  
  125  9:18  Zergling x2  
  125  9:23  Muscular Augments  
  134  9:51  Zergling x2  
  134  9:52  Zergling x14, Overlord  
  142  9:53  Overlord x7  
  142  10:03  Ultralisk Cavern  
  141  10:07  Adaptive Talons  
  141  10:11  Microbial Shroud  
  141  10:14  Spore Crawler  
  140  10:35  Spore Crawler  
  139  10:38  Spore Crawler  
  139  10:39  Hydralisk  
  139  10:40  Hydralisk x10  
  160  10:48  Infestor  
  160  10:49  Infestor x2  
  84  11:30  Hydralisk x11  
  84  11:31  Hydralisk x3  
  112  11:38  Hydralisk  
  112  11:39  Hydralisk x2  
  114  11:42  Hydralisk  
  114  11:45  Infestor  
  122  11:49  Infestor  
  124  11:59  Queen  
  126  12:18  Infestor  
  126  12:19  Infestor  
  130  12:25  Burrow  
  130  12:39  Anabolic Synthesis, Overseer x2  
  130  12:40  Overseer x3  
  130  12:43  Zerg Missile Weapons Level 2  
  130  12:45  Hatchery  
  129  12:53  Drone x8, Hatchery  
  129  12:54  Drone  
  137  13:04  Lurker x7  
  144  13:06  Lurker  
  145  13:16  Neural Parasite  
  145  13:27  Hydralisk x3  
  151  13:37  Overlord x3  
  151  13:39  Chitinous Plating  
  151  13:43  Grooved Spines  
  151  13:58  Drone x2  
  151  13:59  Drone x2  
  151  14:00  Drone x10  
  151  14:01  Drone x2  
  167  14:19  Hydralisk  
  167  14:20  Hydralisk x7  
  183  14:33  Infestor x4  
  183  14:44  Spore Crawler  
  183  14:45  Hydralisk x2  
  182  14:46  Hydralisk x6  
Tags
 
Add a new tag
Caveats
  • Supply blocks, unpowered buildings, or Contaminate may cause inaccurate times.
  • Supply counts are checked every 10 seconds.